 Dungeon Crawl Stone Soup version 0.30-a0-691-g754fce4c43 (webtiles) character file.

Game seed: 3519037928184270067

5 ragingrage the Slasher (level 1, -1/16 HPs)
             Began as an Octopode Berserker on Jan 19, 2023.
             Was a Follower of Trog.
             Slain by a goblin
             ... wielding a +0 dagger of electrocution
              (15 damage)
             ... on level 1 of the Dungeon.
             The game lasted 00:00:20 (179 turns).

ragingrage the Slasher (Octopode Berserker)          Turns: 179, Time: 00:00:21

Health: -1/16      AC:  1    Str: 16    XL:     1   Next: 80%
Magic:  1/1        EV: 13    Int:  9    God:    Trog [*.....]
Gold:   13         SH:  0    Dex: 11    Spells: 0/0 levels left

rFire   . . .      SeeInvis .    d - +0 dagger (drain)
rCold   . . .      Faith    .    (no shield)
rNeg    . . .      Spirit   .    (helmet restricted)
rPois   .          Reflect  .    (no amulet)
rElec   .          Harm     .    (no ring)
rCorr   .          Rampage  .    (no ring)
Will    .....                    (no ring)
Stlth   ++                       (no ring)
HPRegen 0.22/turn                (no ring)
MPRegen 0.07/turn                (no ring)
                                 (no ring)
                                 (no ring)

@: no status effects
A: almost no armour, amphibious, 8 rings, camouflage 1, gelatinous body 1,
(nimble swimmer 1), tentacles
a: Renounce Religion, Berserk


You were on level 1 of the Dungeon.
You worshipped Trog.
Trog was aware of your devotion.
You visited 1 branch of the dungeon, and saw 1 of its levels.

You collected 13 gold pieces.

Inventory:

Hand Weapons
 a - a +0 falchion
 d - a +0 dagger of draining (weapon)
Scrolls
 b - a scroll of identify {unknown}
 e - a scroll of teleportation {unknown}
 f - a scroll of amnesia {unknown}
Potions
 c - a potion of heal wounds {unknown}


   Skills:
 - Level 3.0 Fighting
 + Level 0.0(1.9) Short Blades
 - Level 3.2 Long Blades
 - Level 3.0 Dodging
 + Level 1.0 Stealth


You couldn't memorise any spells.
You didn't know any spells.
Your spell library was empty.

Dungeon Overview and Level Annotations

Branches:
Dungeon (1/15)

Altars:


Innate Abilities, Weirdness & Mutations

You cannot wear most types of armour.
You are amphibious.
You can wear up to eight rings at the same time.
Your skin changes colour to match your surroundings (Stealth+).
Your rubbery body absorbs attacks. (AC +1, EV +1)
((You are camouflaged when in or above water. (Stealth+)))
You have tentacles for arms and can constrict up to eight enemies at once.


Message History

No target in view!
No target in view!
No target in view!
Found a falchion.
Found a stone staircase leading down.
You see here a +0 dagger of draining.
No target in view!
d - a +0 dagger of draining You sense an unholy aura.
d - a +0 dagger of draining (weapon)
A ball python comes into view.
A ball python is nearby!
A ball python is nearby!
Found a scroll labelled DEPHIL FUVUU.
The helpless ball python fails to defend itself.
You puncture the ball python!
You kill the ball python!
Trog accepts your kill.
Your Stealth skill increases to level 1!
No target in view!
e - a scroll labelled DEPHIL FUVUU
f - a scroll labelled TUOM ZISERARHU
There is a stone staircase leading down here.
Found a short sword.
A goblin comes into view.
It is wielding a +0 dagger of electrocution.
Found a spear.
A goblin is nearby!
A goblin is nearby!
The goblin shouts!
You closely miss the goblin. Your grab misses the goblin.
The goblin hits you with a +0 dagger of electrocution.
You hit the goblin. Your grab misses the goblin.
The goblin is severely wounded.
The goblin hits you but does no damage.
You completely miss the goblin. Your grab misses the goblin.
The goblin is severely wounded.
The goblin hits you with a +0 dagger of electrocution.
You are electrocuted!
Ouch! That really hurt!
You die...

..#
###.###....#.#######
..# #............#
###
######.#.##>.##.###
#......#.##.###..#
.....######.#..#
##.# ... ###...##
#.# # #....## ###
#..#.## #.. #@# #.
#g# #. #.. .. ##). .
... ####


You could see a goblin.

Vanquished Creatures
  A ball python (D:1)
  An endoplasm (D:1)
  A bat (D:1)
  A kobold (D:1)
  2 rats (D:1)
6 creatures vanquished.

Notes
Turn   | Place    | Note
-------+----------+-------------------------------------------
     0 | D:1      | ragingrage the Octopode Berserker began the quest for the
                  | Orb.
     0 | D:1      | Reached XP level 1. HP: 16/16 MP: 1/1
   150 | D:1      | Reached skill level 1 in Stealth
   179 | D:1      | Slain by a goblin

Illustrated notes

Levels and vault maps discovered:
D:1:      dpeg_arrival_tiny_j, layout_rooms, chequers_hall_statues_wall_a

Skill      XL: |  1 |
---------------+----+-----
Stealth        | 1 |  1.0
Fighting       | |  3.0
Long Blades    | |  3.2
Dodging        | |  3.0

Action                   || total
-------------------------++-------
Melee: Falchion          ||     9
       Dagger            ||     4
       Constrict         ||     3
       Tentacles         ||     1
Invok: Berserk           ||     1
 Stab: Sleeping          ||     1
Armor: Skin              ||     3
Dodge: Dodged            ||     5

Table legend: (Time is in decaauts)
 A = Elapsed time spent in this place.
 B = Non-inter-level travel time spent in this place.
 C = Inter-level travel time spent in this place.
 D = Time resting spent in this place.
 E = Time spent auto-exploring this place.
 F = Levels seen in this place.
 G = Mean time per level.
                   A        B        C        D        E       F      G
               +--------+--------+--------+--------+--------+-----+--------+
         Total |    187 |    187 |      0 |     33 |     94 |   1 |  187.0 |
       Dungeon |    187 |    187 |      0 |     33 |     94 |   1 |  187.0 |
               +--------+--------+--------+--------+--------+-----+--------+

Top non-repeatable levels by time:
     D:1: 187 daAuts
